Calgary Flames vs Vegas Golden Knights
Created - Wednesday, October 25, 2023 at 08:04
Goals
|
| Calgary Flames |
1 |
4 |
2 |
7 |
| Vegas Golden Knights |
0 |
1 |
0 |
1 |
|
Shots
|
| Calgary Flames |
11 |
16 |
11 |
38 |
| Vegas Golden Knights |
9 |
16 |
6 |
31 |
|
1st period
1. Calgary Flames , Timo Meier 23 (Rafael Harvey-Pinard 7) at 5:02
Penalties :
Travis Hamonic (VGK) for Tripping (Minor) at 5:50, Sebastian Aho (CGY) for Holding (Minor) at 15:21
2nd period
2. Calgary Flames , Joel Eriksson Ek 13 (Sebastian Aho 30) at 0:35
3. Calgary Flames , J.T. Miller 11 (Matthew Tkachuk 30, Kris Letang 15) at 1:28
4. Vegas Golden Knights , Tyler Bertuzzi 13 (Vince Dunn 20) at 4:35
5. Calgary Flames , Matthew Tkachuk 19 (J.T. Miller 23, Valeri Nichushkin 22) at 7:21
6. Calgary Flames , Sebastian Aho 21 (Zach Hyman 28) at 7:39
Penalties :
Drew Doughty (CGY) for Hooking (Minor) at 1:05, Nikolaj Ehlers (VGK) for Hooking (Minor) at 1:12, Drew Doughty (CGY) for Tripping (Minor) at 10:42, Zach Hyman (CGY) for Roughing (Minor) at 17:05
3rd period
7. Calgary Flames , Matthew Tkachuk 20 (Valeri Nichushkin 23) at 10:27 (PP)
8. Calgary Flames , Matthew Tkachuk 21 (Rasmus Andersson 12) at 12:59
Penalties :
Timo Meier (CGY) for Hooking (Minor) at 4:19, Chris Kreider (VGK) for Slashing (Minor) at 5:13, Travis Hamonic (VGK) for Fighting (Major) at 8:55, J.T. Miller (CGY) for Fighting (Major) at 8:55, Chris Kreider (VGK) for Roughing (Minor) at 8:58, Nikolaj Ehlers (VGK) for Tripping (Minor) at 13:02, Kris Letang (CGY) for Goalie Interference (Minor) at 18:30
Goalie Stats
Samuel Montembeault (CGY), 30 saves from 31 shots - (0.968), W, 10-6-4, 60:00 minutes
Philipp Grubauer (VGK), 31 saves from 38 shots - (0.816), L, 5-10-5, 60:00 minutes
Players Stats for Calgary Flames
Player Name G A P +/- PIM S H SB GA TA FO MP PP MP PK MP
------------------------------------------------------------------------------------
Drew Doughty 0 0 0 1 4 0 0 3 0 0 0/0 20:23 3:04 2:26
J.T. Miller 1 1 2 1 5 3 4 0 1 1 9/13 15:09 2:13 0:06
Jacob Peterson 0 0 0 0 0 0 2 0 0 0 0/0 5:44 0:00 0:00
Jeff Petry 0 0 0 3 0 0 2 2 0 1 0/0 24:14 3:31 5:18
Jeremy Lauzon 0 0 0 0 0 0 1 0 0 1 0/0 14:09 0:00 0:00
Joel Eriksson Ek 1 0 1 2 0 4 1 1 0 0 1/5 16:53 0:07 4:16
Kris Letang 0 1 1 2 2 2 2 3 0 1 0/0 21:06 2:57 2:39
Logan Couture 0 0 0 1 0 5 1 0 1 2 6/9 13:26 0:00 0:00
Mathieu Joseph 0 0 0 0 0 3 1 0 0 0 0/0 9:50 0:00 4:05
Matthew Tkachuk 3 1 4 2 0 10 3 0 1 0 1/2 18:00 3:49 0:28
Michael Anderson 0 0 0 0 0 0 1 2 0 0 0/0 19:52 0:00 5:29
Nic Dowd 0 0 0 0 0 1 0 0 0 0 2/7 11:38 1:37 4:05
Rafael Harvey-Pinard 0 1 1 1 0 0 0 0 0 0 0/1 15:59 0:00 3:54
Rasmus Andersson 0 1 1 4 0 0 0 1 0 1 0/0 20:31 3:31 1:02
Sebastian Aho 1 1 2 3 2 4 1 0 1 0 9/23 16:26 2:39 0:00
Timo Meier 1 0 1 1 2 2 2 0 1 0 0/0 14:49 2:32 0:00
Valeri Nichushkin 0 2 2 1 0 3 3 1 0 0 0/2 15:13 3:41 0:00
Zach Hyman 0 1 1 2 2 1 0 0 0 0 0/0 15:07 2:39 0:00
Players Stats for Vegas Golden Knights
Player Name G A P +/- PIM S H SB GA TA FO MP PP MP PK MP
------------------------------------------------------------------------------------
Andrew Peeke 0 0 0 -3 0 1 0 3 0 0 0/0 21:51 0:00 3:32
Anthony Cirelli 0 0 0 -1 0 2 0 0 0 0 5/11 13:46 0:06 2:44
Chris Kreider 0 0 0 -1 4 3 1 1 0 0 0/0 17:47 4:25 0:12
Eric Staal 0 0 0 -3 0 0 0 0 1 0 1/1 13:19 0:00 3:29
Joe Pavelski 0 0 0 -1 0 4 2 1 0 0 3/9 17:46 4:26 0:02
John Marino 0 0 0 -2 0 0 0 0 0 1 0/0 20:57 4:15 2:22
Jordan Staal 0 0 0 0 0 1 1 3 0 0 7/9 14:28 0:06 3:32
Lars Eller 0 0 0 -3 0 1 0 0 0 0 1/4 9:31 0:00 0:00
Marc Staal 0 0 0 0 0 1 2 0 0 1 0/0 16:07 0:00 2:56
Marc-Edouard Vlasic 0 0 0 -2 0 1 0 0 0 1 0/0 16:07 0:00 2:56
Nikolaj Ehlers 0 0 0 0 4 2 0 0 1 0 0/0 14:24 4:14 0:00
Reilly Smith 0 0 0 -1 0 2 2 1 0 0 0/1 17:07 4:18 0:13
Rickard Rakell 0 0 0 0 0 5 1 0 1 0 0/0 14:03 3:55 0:00
Sean Monahan 0 0 0 0 0 4 2 0 0 0 17/27 16:25 3:55 0:00
Travis Hamonic 0 0 0 -1 7 0 1 0 0 1 0/0 15:42 0:00 1:10
Tyler Bertuzzi 1 0 1 -1 0 3 2 0 1 0 0/0 14:18 4:15 0:00
Vince Dunn 0 1 1 -2 0 1 0 1 0 1 0/0 21:11 4:12 0:00
Zach Parise 0 0 0 -3 0 0 1 0 3 0 0/0 15:40 4:06 2:44
3 Stars
1 - Matthew Tkachuk (CGY)
2 - Samuel Montembeault (CGY)
3 - Sebastian Aho (CGY)
Power Play
Calgary Flames - 1 on 5 Attempt(s) - 20.00%
Vegas Golden Knights - 0 on 6 Attempt(s) - 0.00%
Penalty Kill
Calgary Flames - 6 on 6 Attempt(s) - 100.00%
- Score 0 goal in Penalty Kill
Vegas Golden Knights - 4 on 5 Attempt(s) - 80.00%
- Score 0 goal in Penalty Kill
Team Stat
Calgary Flames - Hits : 24 - Faceoff Wins : 28 - Blocked Shots : 13 - Penalty Minutes : 17
Vegas Golden Knights - Hits : 15 - Faceoff Wins : 34 - Blocked Shots : 10 - Penalty Minutes : 15
Official
Referees : Tom Chmielewski and Tim Peel
Linesman : Brian Murphy and Pierre Racicot
Game Notes
0:41 of 2nd period - Vegas Golden Knights goal is going for a video replay. After video review, No Goal. The puck has entered the net after making contact with an attacking player’s stick that is above the height of the crossbar.
Travis Hamonic and J.T. Miller fight to a draw at 8:55 of 3rd period
Matthew Tkachuk has scored a Hat Trick!
Finance
Level 1 -- Attendance: 5315 (88.58%) -- Ticket Income $504,925
Level 2 -- Attendance: 4727 (94.54%) -- Ticket Income $259,985
Level 3 -- Attendance: 3000 (100.00%) -- Ticket Income $90,000
Level 4 -- Attendance: 4930 (98.60%) -- Ticket Income $98,600
Luxury Box -- Attendance: 995 (99.50%) -- Ticket Income $189,050
Game was played at the T-Mobile Arena.
Total Attendance: 18967 (94.84%)
Total Ticket Income: $1,142,560
Other Income: $399,896
Total Income: $1,542,456
Calgary Flames
5 vs 5 Forward
Center Left Wing Right Wing Time % Phy DF OF
1 J.T. Miller Matthew Tkachuk Valeri Nichushkin 31 1 2 2
2 Sebastian Aho Zach Hyman Joel Eriksson Ek 30 1 2 2
3 Logan Couture Rafael Harvey-Pinard Timo Meier 29 1 2 2
4 Nic Dowd Jacob Peterson Mathieu Joseph 10 1 2 2
5 vs 5 Defense
Defense Defense Time % Phy DF OF
1 Kris Letang Drew Doughty 35 1 2 2
2 Jeff Petry Rasmus Andersson 35 1 2 2
3 Michael Anderson Jeremy Lauzon 30 1 2 2
4 Kris Letang Drew Doughty 0 1 2 2
PowerPlay Forward
Center Left Wing Right Wing Time % Phy DF OF
1 J.T. Miller Matthew Tkachuk Valeri Nichushkin 50 0 0 5
2 Sebastian Aho Zach Hyman Timo Meier 50 0 0 5
PowerPlay Defense
Defense Defense Time % Phy DF OF
1 Kris Letang Drew Doughty 50 0 2 3
2 Jeff Petry Rasmus Andersson 50 0 2 3
Penalty Kill 4 Players Forward
Center Wing Time % Phy DF OF
1 Joel Eriksson Ek Rafael Harvey-Pinard 50 0 5 0
2 Nic Dowd Mathieu Joseph 50 0 5 0
Penalty Kill 4 Players Defense
Defense Defense Time % Phy DF OF
1 Kris Letang Drew Doughty 50 0 5 0
2 Jeff Petry Michael Anderson 50 0 5 0
Penalty Kill - 3 Players Forward
Forward Time % Phy DF OF
1 J.T. Miller 50 0 5 0
2 Sebastian Aho 50 0 5 0
Penalty Kill - 3 Players Defense
Defense Defense Time % Phy DF OF
1 Kris Letang Drew Doughty 50 0 5 0
2 Jeff Petry Michael Anderson 50 0 5 0
4 vs 4 Forward
Center Wing Time % Phy DF OF
1 J.T. Miller Matthew Tkachuk 50 1 2 2
2 Sebastian Aho Logan Couture 50 1 2 2
4 vs 4 Defense
Defense Defense Time % Phy DF OF
1 Kris Letang Drew Doughty 50 1 2 2
2 Jeff Petry Rasmus Andersson 50 1 2 2
Last Minutes Offensive
Center Left Wing Right Wing Defense Defense
J.T. Miller Matthew Tkachuk Sebastian Aho Kris Letang Drew Doughty
Last Minutes Defensive
Center Left Wing Right Wing Defense Defense
J.T. Miller Sebastian Aho Valeri Nichushkin Kris Letang Drew Doughty
Goaltenders
Starting : Samuel Montembeault
Backup : Ilya Sorokin
Extra Forwards
Normal : Nic Dowd, Joel Eriksson Ek, Mathieu Joseph - PP : Nic Dowd, Joel Eriksson Ek - PK : Mathieu Joseph
Extra Defensemen
Normal : Rasmus Andersson, Michael Anderson, Jeff Petry - PP : Rasmus Andersson - PK : Michael Anderson, Jeff Petry
Penalty Shots
J.T. Miller, Matthew Tkachuk, Sebastian Aho, Logan Couture, Joel Eriksson Ek
Vegas Golden Knights
5 vs 5 Forward
Center Left Wing Right Wing Time % Phy DF OF
1 Sean Monahan Chris Kreider Joe Pavelski 30 1 2 2
2 Jordan Staal Nikolaj Ehlers Rickard Rakell 30 1 2 2
3 Anthony Cirelli Tyler Bertuzzi Reilly Smith 25 1 2 2
4 Lars Eller Eric Staal Zach Parise 15 1 2 2
5 vs 5 Defense
Defense Defense Time % Phy DF OF
1 Vince Dunn Andrew Peeke 30 1 2 2
2 Marc Staal Travis Hamonic 30 1 2 2
3 Marc-Edouard Vlasic John Marino 25 1 2 2
4 Andrew Peeke Vince Dunn 15 1 2 2
PowerPlay Forward
Center Left Wing Right Wing Time % Phy DF OF
1 Joe Pavelski Chris Kreider Tyler Bertuzzi 50 1 2 2
2 Sean Monahan Rickard Rakell Zach Parise 50 1 2 2
PowerPlay Defense
Defense Defense Time % Phy DF OF
1 Reilly Smith Vince Dunn 50 1 2 2
2 Nikolaj Ehlers John Marino 50 1 2 2
Penalty Kill 4 Players Forward
Center Wing Time % Phy DF OF
1 Anthony Cirelli Zach Parise 50 1 2 2
2 Eric Staal Jordan Staal 50 1 2 2
Penalty Kill 4 Players Defense
Defense Defense Time % Phy DF OF
1 Andrew Peeke Travis Hamonic 50 1 2 2
2 Marc-Edouard Vlasic Marc Staal 50 1 2 2
Penalty Kill - 3 Players Forward
Forward Time % Phy DF OF
1 Zach Parise 50 1 2 2
2 Jordan Staal 50 1 2 2
Penalty Kill - 3 Players Defense
Defense Defense Time % Phy DF OF
1 Andrew Peeke Travis Hamonic 50 1 2 2
2 Eric Staal Marc Staal 50 1 2 2
4 vs 4 Forward
Center Wing Time % Phy DF OF
1 Joe Pavelski Chris Kreider 50 1 2 2
2 Sean Monahan Reilly Smith 50 1 2 2
4 vs 4 Defense
Defense Defense Time % Phy DF OF
1 Andrew Peeke Travis Hamonic 50 1 2 2
2 Vince Dunn John Marino 50 1 2 2
Last Minutes Offensive
Center Left Wing Right Wing Defense Defense
Joe Pavelski Chris Kreider Nikolaj Ehlers Vince Dunn John Marino
Last Minutes Defensive
Center Left Wing Right Wing Defense Defense
Anthony Cirelli Zach Parise Eric Staal Marc Staal Andrew Peeke
Goaltenders
Starting : Philipp Grubauer
Backup : Alexandar Georgiev
Extra Forwards
Normal : Reilly Smith, Joe Pavelski, Chris Kreider - PP : Zach Parise, Anthony Cirelli - PK : Reilly Smith
Extra Defensemen
Normal : Marc Staal, Andrew Peeke, Vince Dunn - PP : Travis Hamonic - PK : John Marino, Andrew Peeke
Penalty Shots
Rickard Rakell, Anthony Cirelli, Reilly Smith, Zach Parise, Joe Pavelski
% Time on Ice - Calgary Flames
Lines # - Real PCT - Wanted PCT - Time Play
Normal Forward
1 - 29% - 31% - 12:03
2 - 29% - 30% - 12:14
3 - 29% - 29% - 12:07
4 - 14% - 10% - 5:44
Normal Defense
1 - 33% - 35% - 13:53
2 - 33% - 35% - 14:06
3 - 34% - 30% - 14:09
4 - 0% - 0% - 0:00
PP Forward
1 - 59% - 50% - 3:49
2 - 41% - 50% - 2:39
PP Defense
1 - 46% - 50% - 2:57
2 - 54% - 50% - 3:31
PK Forward
1 - 51% - 50% - 4:17
2 - 49% - 50% - 4:10
PK Defense
1 - 48% - 50% - 4:02
2 - 52% - 50% - 4:25
PK3 Forward
1 - 0% - 50%
2 - 0% - 50%
PK3 Defense
1 - 0% - 50%
2 - 0% - 50%
44 Forward
1 - 55% - 50% - 1:38
2 - 45% - 50% - 1:19
44 Defense
1 - 55% - 50% - 1:38
2 - 45% - 50% - 1:19
Last Minute Offensive - 0:00
Last Minute Defensive - 0:00
Total
Forward - 60:00
Defense - 60:00
|
% Time on Ice - Vegas Golden Knights
Lines # - Real PCT - Wanted PCT - Time Play
Normal Forward
1 - 27% - 30% - 11:21
2 - 27% - 30% - 11:13
3 - 24% - 25% - 10:03
4 - 23% - 15% - 9:31
Normal Defense
1 - 28% - 30% - 11:50
2 - 32% - 30% - 13:33
3 - 29% - 25% - 12:25
4 - 10% - 15% - 4:20
PP Forward
1 - 54% - 50% - 4:32
2 - 46% - 50% - 3:55
PP Defense
1 - 50% - 50% - 4:12
2 - 50% - 50% - 4:15
PK Forward
1 - 45% - 50% - 2:55
2 - 55% - 50% - 3:33
PK Defense
1 - 59% - 50% - 3:50
2 - 41% - 50% - 2:38
PK3 Forward
1 - 0% - 50%
2 - 0% - 50%
PK3 Defense
1 - 0% - 50%
2 - 0% - 50%
44 Forward
1 - 55% - 50% - 1:37
2 - 45% - 50% - 1:20
44 Defense
1 - 47% - 50% - 1:24
2 - 53% - 50% - 1:33
Last Minute Offensive - 0:00
Last Minute Defensive - 0:00
Total
Forward - 60:00
Defense - 60:00
|
Play-by-Play
1st period
0:01 of 1st period - J.T. Miller wins face-off versus Sean Monahan in neutral zone.
0:08 of 1st period - Chris Kreider is hit by J.T. Miller and loses puck.
0:27 of 1st period - Zach Hyman is hit by Jordan Staal and loses puck.
0:54 of 1st period - Slapshot by Mathieu Joseph.
0:54 of 1st period - Stopped by Philipp Grubauer with a rebound.
1:11 of 1st period - Off-side.
1:12 of 1st period - Logan Couture wins face-off versus Lars Eller in neutral zone.
3:30 of 1st period - Marc Staal is hit by Sebastian Aho and loses puck.
3:47 of 1st period - Jeremy Lauzon is hit by Marc Staal and loses puck.
4:24 of 1st period - Logan Couture is hit by Zach Parise and loses puck.
5:02 of 1st period - Snap shot by Timo Meier.
5:02 of 1st period - Goal by Timo Meier - Calgary Flames : 1 - Vegas Golden Knights : 0.
5:03 of 1st period - Sean Monahan wins face-off versus Sebastian Aho in neutral zone.
5:24 of 1st period - Travis Hamonic is hit by Kris Letang and loses puck.
5:43 of 1st period - Wrist shot by Mathieu Joseph.
5:43 of 1st period - Stopped by Philipp Grubauer with a rebound.
5:50 of 1st period - Minor Penalty to Travis Hamonic for Tripping.
5:51 of 1st period - Anthony Cirelli wins face-off versus J.T. Miller in Vegas Golden Knights zone.
7:50 of 1st period - Penalty to Travis Hamonic is over, Travis Hamonic is back on ice.
8:17 of 1st period - Off-side.
8:18 of 1st period - Jordan Staal wins face-off versus Logan Couture in neutral zone.
9:15 of 1st period - Slapshot by Zach Hyman.
9:15 of 1st period - Stopped by Philipp Grubauer with a rebound.
9:34 of 1st period - Icing by Logan Couture.
9:35 of 1st period - Jordan Staal wins face-off versus Logan Couture in Calgary Flames zone.
9:40 of 1st period - Vince Dunn is hit by Timo Meier and loses puck.
10:30 of 1st period - Wrist shot by Valeri Nichushkin.
10:30 of 1st period - Deflect By Matthew Tkachuk.
10:30 of 1st period - Stopped by Philipp Grubauer without a rebound.
10:31 of 1st period - Sebastian Aho wins face-off versus Anthony Cirelli in Vegas Golden Knights zone.
10:46 of 1st period - Wrist shot by Sebastian Aho.
10:46 of 1st period - Stopped by Philipp Grubauer without a rebound.
10:47 of 1st period - Sean Monahan wins face-off versus Logan Couture in Vegas Golden Knights zone.
10:58 of 1st period - Wrist shot by Chris Kreider.
10:58 of 1st period - Shot Misses the Net.
11:00 of 1st period - Wrist shot by Andrew Peeke.
11:00 of 1st period - Shot Blocked by Rasmus Andersson.
11:02 of 1st period - Slapshot by Chris Kreider.
11:02 of 1st period - Shot Blocked by Jeff Petry.
11:04 of 1st period - Snap shot by Sean Monahan.
11:04 of 1st period - Stopped by Samuel Montembeault with a rebound.
11:14 of 1st period - Jordan Staal is hit by J.T. Miller.
11:22 of 1st period - Wrist shot by Rickard Rakell.
11:22 of 1st period - Shot Misses the Net.
11:34 of 1st period - Wrist shot by Reilly Smith.
11:34 of 1st period - Shot Misses the Net.
11:42 of 1st period - Sebastian Aho is hit by Reilly Smith and loses puck.
12:21 of 1st period - Slapshot by Sean Monahan.
12:21 of 1st period - Stopped by Samuel Montembeault with a rebound.
12:23 of 1st period - Wrist shot by Sean Monahan.
12:23 of 1st period - Shot Misses the Net.
12:33 of 1st period - Wrist shot by Nikolaj Ehlers.
12:33 of 1st period - Deflect By Rickard Rakell.
12:33 of 1st period - Stopped by Samuel Montembeault without a rebound.
12:34 of 1st period - Jordan Staal wins face-off versus Valeri Nichushkin in Calgary Flames zone.
12:43 of 1st period - Snap shot by Rickard Rakell.
12:43 of 1st period - Shot Blocked by Kris Letang.
12:45 of 1st period - Wrist shot by Jordan Staal.
12:45 of 1st period - Stopped by Samuel Montembeault with a rebound.
13:01 of 1st period - Anthony Cirelli is hit by Joel Eriksson Ek and loses puck.
13:38 of 1st period - Eric Staal is hit by Mathieu Joseph and loses puck.
14:01 of 1st period - Rickard Rakell is hit by Valeri Nichushkin and loses puck.
14:28 of 1st period - Snap shot by Sebastian Aho.
14:28 of 1st period - Stopped by Philipp Grubauer with a rebound.
14:34 of 1st period - Wrist shot by Jordan Staal.
14:34 of 1st period - Shot Misses the Net.
14:36 of 1st period - Wrist shot by John Marino.
14:36 of 1st period - Deflect By Nikolaj Ehlers.
14:36 of 1st period - Stopped by Samuel Montembeault with a rebound.
14:38 of 1st period - Snap shot by Marc-Edouard Vlasic.
14:38 of 1st period - Shot Misses the Net.
14:40 of 1st period - Slapshot by Jordan Staal.
14:40 of 1st period - Shot Misses the Net.
14:42 of 1st period - Slapshot by Nikolaj Ehlers.
14:42 of 1st period - Shot Misses the Net.
14:44 of 1st period - Wrist shot by Marc-Edouard Vlasic.
14:44 of 1st period - Stopped by Samuel Montembeault with a rebound.
14:46 of 1st period - Slapshot by Nikolaj Ehlers.
14:46 of 1st period - Shot Blocked by Michael Anderson.
14:48 of 1st period - Slapshot by John Marino.
14:48 of 1st period - Deflect By Nikolaj Ehlers.
14:48 of 1st period - Shot Blocked by Michael Anderson.
14:48 of 1st period - Puck is out of play.
14:49 of 1st period - J.T. Miller wins face-off versus Sean Monahan in Calgary Flames zone.
14:54 of 1st period - Joe Pavelski is hit by Jeff Petry.
14:58 of 1st period - Wrist shot by Chris Kreider.
14:58 of 1st period - Shot Blocked by Valeri Nichushkin.
15:00 of 1st period - Wrist shot by Sean Monahan.
15:00 of 1st period - Stopped by Samuel Montembeault with a rebound.
15:02 of 1st period - Snap shot by Chris Kreider.
15:02 of 1st period - Stopped by Samuel Montembeault without a rebound.
15:03 of 1st period - Anthony Cirelli wins face-off versus Sebastian Aho in Calgary Flames zone.
15:08 of 1st period - Snap shot by Reilly Smith.
15:08 of 1st period - Stopped by Samuel Montembeault without a rebound.
15:09 of 1st period - Sebastian Aho wins face-off versus Anthony Cirelli in Calgary Flames zone.
15:21 of 1st period - Minor Penalty to Sebastian Aho for Holding.
15:22 of 1st period - Joe Pavelski wins face-off versus Joel Eriksson Ek in Calgary Flames zone.
15:22 of 1st period - Snap shot by Chris Kreider.
15:22 of 1st period - Shot Misses the Net.
15:24 of 1st period - Snap shot by Chris Kreider.
15:24 of 1st period - Shot Misses the Net.
15:26 of 1st period - Slapshot by Joe Pavelski.
15:26 of 1st period - Shot Misses the Net.
15:28 of 1st period - Snap shot by Tyler Bertuzzi.
15:28 of 1st period - Shot Blocked by Joel Eriksson Ek.
15:30 of 1st period - Slapshot by Chris Kreider.
15:30 of 1st period - Shot Misses the Net.
17:00 of 1st period - Michael Anderson is hit by Sean Monahan and loses puck.
17:21 of 1st period - Penalty to Sebastian Aho is over, Sebastian Aho is back on ice.
17:31 of 1st period - John Marino is hit by J.T. Miller and loses puck.
18:31 of 1st period - Jordan Staal is hit by Jacob Peterson and loses puck.
18:50 of 1st period - Snap shot by Nic Dowd.
18:50 of 1st period - Deflect By Zach Parise.
18:50 of 1st period - Stopped by Philipp Grubauer with a rebound.
19:14 of 1st period - Marc Staal is hit by Jeremy Lauzon and loses puck.
19:33 of 1st period - Wrist shot by Joel Eriksson Ek.
19:33 of 1st period - Stopped by Philipp Grubauer without a rebound.
19:34 of 1st period - Anthony Cirelli wins face-off versus Sebastian Aho in Vegas Golden Knights zone.
19:53 of 1st period - Wrist shot by Matthew Tkachuk.
19:53 of 1st period - Stopped by Philipp Grubauer with a rebound.
19:55 of 1st period - Snap shot by Rasmus Andersson.
19:55 of 1st period - Shot Blocked by Chris Kreider.
19:57 of 1st period - Snap shot by Valeri Nichushkin.
19:57 of 1st period - Stopped by Philipp Grubauer with a rebound.
19:59 of 1st period - Wrist shot by J.T. Miller.
19:59 of 1st period - Shot Blocked by Joe Pavelski.
Goals for this period are 1 for Calgary Flames vs 0 for Vegas Golden Knights.
Shots for this period are 11 for Calgary Flames vs 9 for Vegas Golden Knights.
2nd period
0:01 of 2nd period - Sean Monahan wins face-off versus Matthew Tkachuk in neutral zone.
0:35 of 2nd period - Snap shot by Joel Eriksson Ek.
0:35 of 2nd period - Goal by Joel Eriksson Ek - Calgary Flames : 2 - Vegas Golden Knights : 0.
0:36 of 2nd period - Sean Monahan wins face-off versus Sebastian Aho in neutral zone.
0:39 of 2nd period - Snap shot by Chris Kreider.
0:39 of 2nd period - Shot Misses the Net.
0:41 of 2nd period - Snap shot by Joe Pavelski.
0:41 of 2nd period - Vegas Golden Knights goal is going for a video replay.
0:41 of 2nd period - The goal is refused. The puck has entered the net after making contact with an attacking player’s stick that is above the height of the crossbar..
0:42 of 2nd period - Sean Monahan wins face-off versus Sebastian Aho in Calgary Flames zone.
0:57 of 2nd period - Snap shot by Joe Pavelski.
0:57 of 2nd period - Stopped by Samuel Montembeault with a rebound.
0:59 of 2nd period - Snap shot by Andrew Peeke.
0:59 of 2nd period - Stopped by Samuel Montembeault with a rebound.
1:05 of 2nd period - Minor Penalty to Drew Doughty for Hooking.
1:06 of 2nd period - Nic Dowd wins face-off versus Joe Pavelski in Calgary Flames zone.
1:06 of 2nd period - Nic Dowd is hit by Joe Pavelski.
1:12 of 2nd period - Minor Penalty to Nikolaj Ehlers for Hooking.
1:13 of 2nd period - Joe Pavelski wins face-off versus J.T. Miller in Vegas Golden Knights zone.
1:20 of 2nd period - Snap shot by Joe Pavelski.
1:20 of 2nd period - Stopped by Samuel Montembeault without a rebound.
1:21 of 2nd period - J.T. Miller wins face-off versus Joe Pavelski in Calgary Flames zone.
1:28 of 2nd period - Wrist shot by J.T. Miller.
1:28 of 2nd period - Goal by J.T. Miller - Calgary Flames : 3 - Vegas Golden Knights : 0.
1:29 of 2nd period - Sean Monahan wins face-off versus Sebastian Aho in neutral zone.
1:38 of 2nd period - Snap shot by Sean Monahan.
1:38 of 2nd period - Shot Misses the Net.
1:41 of 2nd period - Icing by Sebastian Aho.
1:42 of 2nd period - Sebastian Aho wins face-off versus Sean Monahan in Calgary Flames zone.
2:13 of 2nd period - Wrist shot by J.T. Miller.
2:13 of 2nd period - Stopped by Philipp Grubauer without a rebound.
2:14 of 2nd period - J.T. Miller wins face-off versus Joe Pavelski in Vegas Golden Knights zone.
2:31 of 2nd period - Snap shot by Matthew Tkachuk.
2:31 of 2nd period - Stopped by Philipp Grubauer without a rebound.
2:32 of 2nd period - Sean Monahan wins face-off versus Sebastian Aho in Vegas Golden Knights zone.
2:43 of 2nd period - Off-side.
2:44 of 2nd period - J.T. Miller wins face-off versus Joe Pavelski in neutral zone.
3:05 of 2nd period - Penalty to Drew Doughty is over, Drew Doughty is back on ice.
3:12 of 2nd period - Penalty to Nikolaj Ehlers is over, Nikolaj Ehlers is back on ice.
3:21 of 2nd period - Snap shot by Matthew Tkachuk.
3:21 of 2nd period - Stopped by Philipp Grubauer without a rebound.
3:22 of 2nd period - Logan Couture wins face-off versus Reilly Smith in Vegas Golden Knights zone.
3:38 of 2nd period - Icing by Jeremy Lauzon.
3:39 of 2nd period - Logan Couture wins face-off versus Sean Monahan in Calgary Flames zone.
3:58 of 2nd period - Jeremy Lauzon is hit by Chris Kreider and loses puck.
4:35 of 2nd period - Slapshot by Tyler Bertuzzi.
4:35 of 2nd period - Goal by Tyler Bertuzzi - Calgary Flames : 3 - Vegas Golden Knights : 1.
4:36 of 2nd period - Matthew Tkachuk wins face-off versus Sean Monahan in neutral zone.
4:39 of 2nd period - Snap shot by J.T. Miller.
4:39 of 2nd period - Stopped by Philipp Grubauer without a rebound.
4:40 of 2nd period - J.T. Miller wins face-off versus Sean Monahan in Vegas Golden Knights zone.
5:16 of 2nd period - Slapshot by Vince Dunn.
5:16 of 2nd period - Stopped by Samuel Montembeault with a rebound.
5:18 of 2nd period - Wrist shot by Tyler Bertuzzi.
5:18 of 2nd period - Stopped by Samuel Montembeault with a rebound.
5:20 of 2nd period - Snap shot by Reilly Smith.
5:20 of 2nd period - Shot Misses the Net.
5:36 of 2nd period - Snap shot by Zach Parise.
5:36 of 2nd period - Shot Misses the Net.
5:38 of 2nd period - Snap shot by Lars Eller.
5:38 of 2nd period - Stopped by Samuel Montembeault without a rebound.
5:39 of 2nd period - J.T. Miller wins face-off versus Jordan Staal in Calgary Flames zone.
5:39 of 2nd period - J.T. Miller is hit by Rickard Rakell.
5:51 of 2nd period - Travis Hamonic is hit by Valeri Nichushkin and loses puck.
6:06 of 2nd period - Rickard Rakell is hit by Jacob Peterson and loses puck.
6:34 of 2nd period - Sean Monahan is hit by Logan Couture and loses puck.
7:09 of 2nd period - Snap shot by Zach Parise.
7:09 of 2nd period - Deflect By Eric Staal.
7:09 of 2nd period - Shot Misses the Net.
7:09 of 2nd period - Puck is out of play.
7:10 of 2nd period - Lars Eller wins face-off versus Valeri Nichushkin in Calgary Flames zone.
7:19 of 2nd period - Snap shot by Matthew Tkachuk.
7:19 of 2nd period - Stopped by Philipp Grubauer with a rebound.
7:21 of 2nd period - Snap shot by J.T. Miller.
7:21 of 2nd period - Deflect By Matthew Tkachuk.
7:21 of 2nd period - Goal by Matthew Tkachuk - Calgary Flames : 4 - Vegas Golden Knights : 1.
7:22 of 2nd period - J.T. Miller wins face-off versus Sean Monahan in neutral zone.
7:33 of 2nd period - Snap shot by Matthew Tkachuk.
7:33 of 2nd period - Shot Misses the Net.
7:35 of 2nd period - Slapshot by Kris Letang.
7:35 of 2nd period - Stopped by Philipp Grubauer without a rebound.
7:36 of 2nd period - Sebastian Aho wins face-off versus Anthony Cirelli in Vegas Golden Knights zone.
7:39 of 2nd period - Snap shot by Sebastian Aho.
7:39 of 2nd period - Goal by Sebastian Aho - Calgary Flames : 5 - Vegas Golden Knights : 1.
7:40 of 2nd period - Sebastian Aho wins face-off versus Anthony Cirelli in neutral zone.
8:07 of 2nd period - Joe Pavelski is hit by J.T. Miller and loses puck.
8:28 of 2nd period - Wrist shot by Logan Couture.
8:28 of 2nd period - Stopped by Philipp Grubauer with a rebound.
8:32 of 2nd period - Wrist shot by Logan Couture.
8:32 of 2nd period - Stopped by Philipp Grubauer without a rebound.
8:33 of 2nd period - Jordan Staal wins face-off versus Sebastian Aho in Vegas Golden Knights zone.
9:09 of 2nd period - Snap shot by J.T. Miller.
9:09 of 2nd period - Shot Misses the Net.
9:23 of 2nd period - Wrist shot by Anthony Cirelli.
9:23 of 2nd period - Stopped by Samuel Montembeault without a rebound.
9:24 of 2nd period - Logan Couture wins face-off versus Anthony Cirelli in Calgary Flames zone.
9:32 of 2nd period - Snap shot by Tyler Bertuzzi.
9:32 of 2nd period - Shot Misses the Net.
9:38 of 2nd period - Snap shot by Anthony Cirelli.
9:38 of 2nd period - Stopped by Samuel Montembeault with a rebound.
9:40 of 2nd period - Backhand shot by Reilly Smith.
9:40 of 2nd period - Deflect By Tyler Bertuzzi.
9:40 of 2nd period - Stopped by Samuel Montembeault with a rebound.
9:42 of 2nd period - Snap shot by Vince Dunn.
9:42 of 2nd period - Shot Hit the Post.
9:44 of 2nd period - Snap shot by Reilly Smith.
9:44 of 2nd period - Stopped by Samuel Montembeault with a rebound.
9:58 of 2nd period - Logan Couture is hit by Marc Staal and loses puck.
10:42 of 2nd period - Minor Penalty to Drew Doughty for Tripping.
10:43 of 2nd period - Sean Monahan wins face-off versus Nic Dowd in Calgary Flames zone.
10:44 of 2nd period - Slapshot by Rickard Rakell.
10:44 of 2nd period - Stopped by Samuel Montembeault with a rebound.
11:12 of 2nd period - Wrist shot by Joe Pavelski.
11:12 of 2nd period - Deflect By Chris Kreider.
11:12 of 2nd period - Stopped by Samuel Montembeault without a rebound.
11:13 of 2nd period - Sean Monahan wins face-off versus Joel Eriksson Ek in Calgary Flames zone.
11:38 of 2nd period - Chris Kreider is hit by Michael Anderson and loses puck.
11:45 of 2nd period - Kris Letang is hit by Tyler Bertuzzi and loses puck.
12:17 of 2nd period - Snap shot by Nikolaj Ehlers.
12:17 of 2nd period - Stopped by Samuel Montembeault with a rebound.
12:42 of 2nd period - Penalty to Drew Doughty is over, Drew Doughty is back on ice.
13:11 of 2nd period - Icing by Jordan Staal.
13:12 of 2nd period - Sebastian Aho wins face-off versus Jordan Staal in Vegas Golden Knights zone.
13:13 of 2nd period - Wrist shot by Zach Hyman.
13:13 of 2nd period - Shot Misses the Net.
13:15 of 2nd period - Snap shot by Joel Eriksson Ek.
13:15 of 2nd period - Stopped by Philipp Grubauer with a rebound.
13:35 of 2nd period - Travis Hamonic is hit by Matthew Tkachuk and loses puck.
14:24 of 2nd period - Off-side.
14:25 of 2nd period - Jordan Staal wins face-off versus Sebastian Aho in neutral zone.
14:30 of 2nd period - Snap shot by Nikolaj Ehlers.
14:30 of 2nd period - Deflect By Rickard Rakell.
14:30 of 2nd period - Stopped by Samuel Montembeault with a rebound.
14:56 of 2nd period - Icing by Marc-Edouard Vlasic.
14:57 of 2nd period - Sean Monahan wins face-off versus J.T. Miller in Vegas Golden Knights zone.
15:06 of 2nd period - Matthew Tkachuk is hit by Joe Pavelski.
15:10 of 2nd period - Snap shot by Joe Pavelski.
15:10 of 2nd period - Shot Blocked by Kris Letang.
15:17 of 2nd period - Icing by Drew Doughty.
15:18 of 2nd period - J.T. Miller wins face-off versus Anthony Cirelli in Calgary Flames zone.
15:29 of 2nd period - Slapshot by Tyler Bertuzzi.
15:29 of 2nd period - Deflect By Reilly Smith.
15:29 of 2nd period - Shot Misses the Net.
15:29 of 2nd period - Puck is out of play.
15:30 of 2nd period - Sebastian Aho wins face-off versus Joe Pavelski in Calgary Flames zone.
16:02 of 2nd period - Slapshot by Valeri Nichushkin.
16:02 of 2nd period - Stopped by Philipp Grubauer with a rebound.
16:04 of 2nd period - Slapshot by Kris Letang.
16:04 of 2nd period - Stopped by Philipp Grubauer with a rebound.
16:06 of 2nd period - Slapshot by Matthew Tkachuk.
16:06 of 2nd period - Shot Blocked by Andrew Peeke.
16:08 of 2nd period - Backhand shot by J.T. Miller.
16:08 of 2nd period - Shot Blocked by Jordan Staal.
16:10 of 2nd period - Snap shot by J.T. Miller.
16:10 of 2nd period - Shot Misses the Net.
16:12 of 2nd period - Slapshot by Drew Doughty.
16:12 of 2nd period - Shot Blocked by Andrew Peeke.
16:14 of 2nd period - Slapshot by Kris Letang.
16:14 of 2nd period - Deflect By Valeri Nichushkin.
16:14 of 2nd period - Stopped by Philipp Grubauer with a rebound.
16:24 of 2nd period - Vince Dunn is hit by Kris Letang and loses puck.
17:05 of 2nd period - Minor Penalty to Zach Hyman for Roughing.
17:06 of 2nd period - Joel Eriksson Ek wins face-off versus Joe Pavelski in Calgary Flames zone.
17:16 of 2nd period - Snap shot by Reilly Smith.
17:16 of 2nd period - Shot Misses the Net.
19:05 of 2nd period - Penalty to Zach Hyman is over, Zach Hyman is back on ice.
Goals for this period are 4 for Calgary Flames vs 1 for Vegas Golden Knights.
Shots for this period are 16 for Calgary Flames vs 16 for Vegas Golden Knights.
3rd period
0:01 of 3rd period - Sean Monahan wins face-off versus Sebastian Aho in neutral zone.
0:16 of 3rd period - Slapshot by Sean Monahan.
0:16 of 3rd period - Shot Misses the Net.
0:55 of 3rd period - Slapshot by Tyler Bertuzzi.
0:55 of 3rd period - Shot Misses the Net.
1:01 of 3rd period - Snap shot by Tyler Bertuzzi.
1:01 of 3rd period - Shot Misses the Net.
1:23 of 3rd period - Snap shot by Valeri Nichushkin.
1:23 of 3rd period - Shot Blocked by Vince Dunn.
1:37 of 3rd period - Snap shot by Valeri Nichushkin.
1:37 of 3rd period - Deflect By Zach Parise.
1:37 of 3rd period - Shot Misses the Net.
1:37 of 3rd period - Puck is out of play.
1:38 of 3rd period - Sebastian Aho wins face-off versus Lars Eller in Vegas Golden Knights zone.
1:51 of 3rd period - Wrist shot by Sebastian Aho.
1:51 of 3rd period - Stopped by Philipp Grubauer with a rebound.
2:03 of 3rd period - Marc-Edouard Vlasic is hit by Jeff Petry and loses puck.
2:16 of 3rd period - Wrist shot by Lars Eller.
2:16 of 3rd period - Shot Misses the Net.
2:18 of 3rd period - Slapshot by Vince Dunn.
2:18 of 3rd period - Shot Misses the Net.
3:00 of 3rd period - Wrist shot by Joel Eriksson Ek.
3:00 of 3rd period - Stopped by Philipp Grubauer without a rebound.
3:01 of 3rd period - Logan Couture wins face-off versus Sean Monahan in Vegas Golden Knights zone.
3:04 of 3rd period - Snap shot by Timo Meier.
3:04 of 3rd period - Shot Misses the Net.
3:16 of 3rd period - Wrist shot by Chris Kreider.
3:16 of 3rd period - Shot Blocked by Drew Doughty.
3:18 of 3rd period - Snap shot by Joe Pavelski.
3:18 of 3rd period - Stopped by Samuel Montembeault with a rebound.
3:34 of 3rd period - Marc-Edouard Vlasic is hit by Matthew Tkachuk and loses puck.
4:19 of 3rd period - Minor Penalty to Timo Meier for Hooking.
4:20 of 3rd period - Joe Pavelski wins face-off versus Nic Dowd in Calgary Flames zone.
4:29 of 3rd period - Wrist shot by Chris Kreider.
4:29 of 3rd period - Shot Misses the Net.
4:31 of 3rd period - Wrist shot by Reilly Smith.
4:31 of 3rd period - Shot Misses the Net.
4:33 of 3rd period - Snap shot by Chris Kreider.
4:33 of 3rd period - Stopped by Samuel Montembeault without a rebound.
4:34 of 3rd period - Sean Monahan wins face-off versus Joel Eriksson Ek in Calgary Flames zone.
4:45 of 3rd period - Wrist shot by Sean Monahan.
4:45 of 3rd period - Deflect By Rickard Rakell.
4:45 of 3rd period - Shot Misses the Net.
4:45 of 3rd period - Puck is out of play.
4:46 of 3rd period - Sean Monahan wins face-off versus Joel Eriksson Ek in Calgary Flames zone.
4:56 of 3rd period - Snap shot by Rickard Rakell.
4:56 of 3rd period - Stopped by Samuel Montembeault with a rebound.
4:58 of 3rd period - Snap shot by Sean Monahan.
4:58 of 3rd period - Shot Misses the Net.
5:02 of 3rd period - Wrist shot by Zach Parise.
5:02 of 3rd period - Shot Misses the Net.
5:13 of 3rd period - Minor Penalty to Chris Kreider for Slashing.
5:14 of 3rd period - Sebastian Aho wins face-off versus Sean Monahan in Vegas Golden Knights zone.
5:15 of 3rd period - Wrist shot by Logan Couture.
5:15 of 3rd period - Shot Misses the Net.
5:17 of 3rd period - Snap shot by Logan Couture.
5:17 of 3rd period - Shot Misses the Net.
5:19 of 3rd period - Snap shot by Sebastian Aho.
5:19 of 3rd period - Shot Blocked by Andrew Peeke.
5:21 of 3rd period - Snap shot by Logan Couture.
5:21 of 3rd period - Stopped by Philipp Grubauer with a rebound.
5:23 of 3rd period - Slapshot by Kris Letang.
5:23 of 3rd period - Shot Blocked by Reilly Smith.
5:41 of 3rd period - Drew Doughty is hit by Travis Hamonic and loses puck.
5:46 of 3rd period - Wrist shot by Joe Pavelski.
5:46 of 3rd period - Shot Blocked by Drew Doughty.
6:14 of 3rd period - Jeff Petry is hit by Reilly Smith and loses puck.
6:19 of 3rd period - Penalty to Timo Meier is over, Timo Meier is back on ice.
7:13 of 3rd period - Penalty to Chris Kreider is over, Chris Kreider is back on ice.
7:14 of 3rd period - Icing by Andrew Peeke.
7:15 of 3rd period - Eric Staal wins face-off versus Sebastian Aho in Vegas Golden Knights zone.
7:15 of 3rd period - Eric Staal is hit by Timo Meier.
7:36 of 3rd period - Snap shot by Mathieu Joseph.
7:36 of 3rd period - Stopped by Philipp Grubauer with a rebound.
8:32 of 3rd period - Snap shot by Logan Couture.
8:32 of 3rd period - Stopped by Philipp Grubauer with a rebound.
8:54 of 3rd period - Slapshot by Logan Couture.
8:54 of 3rd period - Stopped by Philipp Grubauer without a rebound.
8:55 of 3rd period - Sean Monahan wins face-off versus J.T. Miller in Vegas Golden Knights zone.
8:55 of 3rd period - Travis Hamonic and J.T. Miller fight to a draw.
8:55 of 3rd period - Penalty to Travis Hamonic for Fighting.
8:55 of 3rd period - Penalty to J.T. Miller for Fighting.
8:56 of 3rd period - Sean Monahan wins face-off versus Nic Dowd in Vegas Golden Knights zone.
8:58 of 3rd period - Minor Penalty to Chris Kreider for Roughing.
8:59 of 3rd period - Anthony Cirelli wins face-off versus Sebastian Aho in Vegas Golden Knights zone.
9:13 of 3rd period - Wrist shot by Timo Meier.
9:13 of 3rd period - Stopped by Philipp Grubauer with a rebound.
9:15 of 3rd period - Slapshot by Kris Letang.
9:15 of 3rd period - Shot Blocked by Jordan Staal.
9:50 of 3rd period - John Marino is hit by Matthew Tkachuk and loses puck.
10:27 of 3rd period - Slapshot by Matthew Tkachuk.
10:27 of 3rd period - Goal by Matthew Tkachuk - Calgary Flames : 6 - Vegas Golden Knights : 1.
10:28 of 3rd period - Sean Monahan wins face-off versus Sebastian Aho in neutral zone.
11:02 of 3rd period - Slapshot by Anthony Cirelli.
11:02 of 3rd period - Shot Blocked by Drew Doughty.
11:04 of 3rd period - Snap shot by Anthony Cirelli.
11:04 of 3rd period - Shot Blocked by Kris Letang.
11:06 of 3rd period - Slapshot by Marc Staal.
11:06 of 3rd period - Stopped by Samuel Montembeault with a rebound.
11:55 of 3rd period - Joel Eriksson Ek is hit by Sean Monahan and loses puck.
12:55 of 3rd period - Slapshot by Matthew Tkachuk.
12:55 of 3rd period - Stopped by Philipp Grubauer with a rebound.
12:57 of 3rd period - Snap shot by Matthew Tkachuk.
12:57 of 3rd period - Stopped by Philipp Grubauer with a rebound.
12:59 of 3rd period - Slapshot by Matthew Tkachuk.
12:59 of 3rd period - Goal by Matthew Tkachuk - Calgary Flames : 7 - Vegas Golden Knights : 1.
13:00 of 3rd period - Jordan Staal wins face-off versus Nic Dowd in neutral zone.
13:02 of 3rd period - Minor Penalty to Nikolaj Ehlers for Tripping.
13:03 of 3rd period - Anthony Cirelli wins face-off versus Sebastian Aho in Vegas Golden Knights zone.
13:17 of 3rd period - Wrist shot by Zach Parise.
13:17 of 3rd period - Shot Misses the Net.
13:55 of 3rd period - Penalty to Travis Hamonic is over, Travis Hamonic is back on ice.
14:40 of 3rd period - Anthony Cirelli is hit by Valeri Nichushkin and loses puck.
15:02 of 3rd period - Penalty to Nikolaj Ehlers is over, Nikolaj Ehlers is back on ice.
17:10 of 3rd period - Icing by Marc Staal.
17:11 of 3rd period - Jordan Staal wins face-off versus Nic Dowd in Vegas Golden Knights zone.
17:18 of 3rd period - Wrist shot by Rickard Rakell.
17:18 of 3rd period - Shot Misses the Net.
17:24 of 3rd period - Slapshot by Rasmus Andersson.
17:24 of 3rd period - Shot Blocked by Jordan Staal.
17:53 of 3rd period - Rasmus Andersson is hit by Tyler Bertuzzi and loses puck.
18:17 of 3rd period - Icing by Marc-Edouard Vlasic.
18:18 of 3rd period - Logan Couture wins face-off versus Lars Eller in Vegas Golden Knights zone.
18:30 of 3rd period - Minor Penalty to Kris Letang for Goalie Interference.
18:31 of 3rd period - Sean Monahan wins face-off versus Rafael Harvey-Pinard in Calgary Flames zone.
18:39 of 3rd period - Slapshot by Sean Monahan.
18:39 of 3rd period - Shot Misses the Net.
18:41 of 3rd period - Wrist shot by Rickard Rakell.
18:41 of 3rd period - Stopped by Samuel Montembeault with a rebound.
18:43 of 3rd period - Wrist shot by Sean Monahan.
18:43 of 3rd period - Deflect By Drew Doughty.
18:43 of 3rd period - Stopped by Samuel Montembeault without a rebound.
18:44 of 3rd period - Nic Dowd wins face-off versus Sean Monahan in Calgary Flames zone.
18:53 of 3rd period - Slapshot by Rickard Rakell.
18:53 of 3rd period - Shot Blocked by Jeff Petry.
Goals for this period are 2 for Calgary Flames vs 0 for Vegas Golden Knights.
Shots for this period are 11 for Calgary Flames vs 6 for Vegas Golden Knights.
Back to the Top